 Seeded DCSS version 0.32-a0-928-g1cae6b7ea0 (webtiles) character file.

Game seed: 202404126 (custom seed)

1590 Orlauf the Carver (level 8, -2/58 (64) HPs)
             Began as a Demonspawn Gladiator on Apr 12, 2024.
             Was an Elder of Uskayaw.
             Slain by a wight
             ... wielding a +0 spear
              (6 damage)
             ... on level 6 of the Dungeon.
             The game lasted 00:06:17 (4678 turns).

Orlauf the Carver (Demonspawn Gladiator)            Turns: 4678, Time: 00:06:18

HP:   -2/58 (64)    AC:  9    Str: 17    XL:     8   Next: 61%
MP:   11/11         EV:  7    Int:  8    God:    Uskayaw [****..]
Gold: 79            SH:  0    Dex: 15    Spells: 7/7 levels left

rFire   . . .        a - +0 triple sword
rCold   . . .        (shield currently unavailable)
rNeg    . . .        t - +0 chain mail
rPois   +            c - +0 helmet
rElec   .            (no cloak)
rCorr   .            (gloves unavailable)
SInv    .            (no boots)
Will    .....        (no amulet) Stlth
                     j - ring of poison resistance
HPRegen 0.29/turn    (no ring)
MPRegen 0.12/turn

%: no passive effects
@: wreathed by umbra, drained
A: demonic guardian 1, demonic touch 3, foul shadow 1
a: Renounce Religion, Stomp, Line Pass


You were on level 6 of the Dungeon.
You worshipped Uskayaw.
Uskayaw was noncommittal.
You visited 2 branches of the dungeon, and saw 7 of its levels.

You collected 219 gold pieces.
You spent 140 gold pieces at shops.

Inventory:

Hand Weapons
 a - a +0 triple sword (weapon)
 b - a +2 short sword of venom
 o - a +0 scimitar
 r - a +0 long sword
 s - a +0 great sword
Missiles
 d - 3 throwing nets
 e - a javelin
Armour
 c - a +0 helmet (worn)
 t - a +0 chain mail (worn)
Jewellery
 j - a ring of poison resistance (left hand)
Wands
 l - a wand of flame (27) (quivered)
Scrolls
 f - 2 scrolls of teleportation
 g - a scroll of revelation
Potions
 h - a potion of lignification
 i - a potion of heal wounds
 k - 2 potions of ambrosia {unknown}
 m - a potion of attraction {unknown}
 n - 2 potions of curing {unknown}
 p - 2 potions of mutation {unknown}
 q - a potion of resistance {unknown}


   Skills:
 + Level 6.2 Fighting
 * Level 8.1 Long Blades
 - Level 1.7 Throwing
 - Level 2.6 Dodging
 + Level 4.7 Invocations


You had 7 spell levels left.
You didn't know any spells.
Your spell library contained the following spells:

 Spells                   Type           Power      Damage    Failure   Level
 Freeze                   Ice            0%         1d3       99%         1
 Magic Dart               Conj           0%         1d3       99%         1
 Cigotuvi's Dreadful Rot  Necr/Alch/Air  0%         N/A       100%        2
 Frozen Ramparts          Ice            0%         1d1       100%        3
 Fugue of the Fallen      Necr           0%         N/A       100%        3
 Hailstorm                Conj/Ice       0%         3d5       100%        3
 Ozocubu's Armour         Ice            0%         N/A       100%        3
 Bombard                  Conj/Erth      0%         9d1       100%        6
 Manifold Assault         Tloc           0%         N/A       100%        7
 Chain Lightning          Conj/Air       0%         N/A       100%        9


Dungeon Overview and Level Annotations

Branches:
Dungeon (6/15)             Temple (1/1) D:5

Altars:
Ashenzari
Cheibriados
Dithmenos
Gozag
Hepliaklqana
Nemelex Xobeh
Okawaru
Ru
Uskayaw
Vehumet
Wu Jian
Xom
Yredelemnul

Shops:
D:1 [   D:4 *:

Annotations:
D:5 3 runed translucent doors, shayl's ghost, novice MiFi; smashvw's ghost, novice OpSh


Innate Abilities, Weirdness & Mutations

A weak demonic guardian rushes to your aid.
Your touch may irresistibly damage your foes and sap their willpower.
You are faintly shadowed, very rarely releasing foul flame when damaged in melee.


Message History

Uskayaw will force your foes to share their pain.
Uskayaw links your audience in an emotional bond!
You barely miss the adder. The adder barely misses you.
The wight barely misses you. The adder bites you but does no damage.
The wight barely misses you.
You miss the adder. The adder bites you but does no damage.
The wight hits you from afar with a +0 spear.
* * * LOW HITPOINT WARNING * * *
The adder bites you but does no damage.
The adder is no longer sharing its pain.
The wight is no longer sharing its pain.
The wight barely misses you. The adder bites you but does no damage.
Uskayaw prepares the audience for your solo!
Items here: )) [[.
The helpless wight fails to defend itself.
You slash the wight!
The wight is heavily damaged.
Uskayaw will force your foes to share their pain.
The helpless wight fails to defend itself.
You hit the wight.
The wight is heavily damaged.
The adder is no longer paralysed.
The wight is no longer paralysed.
The adder bites you but does no damage. The wight closely misses you.
The wight hits you with a +0 spear!
* * * LOW HITPOINT WARNING * * *
A demonic guardian appears!
You feel drained.
* * * LOW HITPOINT WARNING * * *
The adder completely misses you.
You barely miss the wight.
The wight is heavily damaged.
The adder closely misses you. The wight hits you with a +0 spear.
* * * LOW HITPOINT WARNING * * *
You feel drained.
* * * LOW HITPOINT WARNING * * *
Your iron imp hits the wight.
The adder bites you but does no damage.
You closely miss the wight.
The wight is almost destroyed.
The adder closely misses you. The wight hits you with a +0 spear.
You die...
Your body falls in perfect tune with the rhythm.

#..[........#
####'#####'##
#[# #.# #.#
#.### #.#
#...## #.#
###..# #†#
##.# #<# #.##
### #S@#
##z..# 5....#
........
......##..#
#....(.# .#
#......# #
########


You could see a wight (ally target), an adder and a friendly iron imp
(summoned).

Vanquished Creatures
  Eustachio (D:5)
  Menkaure (D:5)
  2 phantoms (D:5)
  4 scorpions
  7 wights (D:6)
  2 hounds
  A jelly (D:5)
  3 iguanas
  2 sleepcaps (D:5)
  Ijyb (D:5)
  An orc wizard (D:3)
  7 gnolls
  9 adders
  A ribbon worm (D:5)
  6 orcs
  3 bats (D:1)
  2 endoplasms
  3 giant cockroaches
  5 goblins
  3 hobgoblins
  6 kobolds
  6 quokkas
  6 ball pythons
  6 rats
88 creatures vanquished.

Vanquished Creatures (collateral kills)
  A scorpion (D:5)
  A gnoll bouda (D:5)
  A gnoll (D:5)
3 creatures vanquished.

Grand Total: 91 creatures vanquished

Notes
Turn   | Place    | Note
-------+----------+-------------------------------------------
     0 | D:1      | Orlauf the Demonspawn Gladiator began the quest for the
                  | Orb.
     0 | D:1      | Reached XP level 1. HP: 16/16 MP: 1/1
    46 | D:1      | Found Giman's Armour Boutique.
   138 | D:1      | Reached skill level 3 in Long Blades
   201 | D:1      | Gained mutation: A weak demonic guardian rushes to your
                  | aid. [demonic ancestry]
   201 | D:1      | Reached XP level 2. HP: 22/22 MP: 2/2
   653 | D:2      | Found a faded altar of an unknown god.
   732 | D:2      | Gained mutation: Your touch may inflict minor irresistible
                  | damage on your foes. [demonic ancestry]
   732 | D:2      | Reached XP level 3. HP: 28/28 MP: 3/3
   854 | D:2      | Identified the +1 robe of Elof {Harm rC- Str-4 Int+8}
   861 | D:2      | Got Puparem's Tome of Prime Conjuration
  1474 | D:3      | Found a sparkling altar of Nemelex Xobeh.
  1476 | D:3      | Found a sacrificial altar of Ru.
  1694 | D:3      | Reached XP level 4. HP: 31/34 MP: 4/4
  1721 | D:3      | Reached skill level 4 in Long Blades
  2297 | D:4      | Gained mutation: You are faintly shadowed, very rarely
                  | releasing foul flame when damaged in melee. [demonic
                  | ancestry]
  2297 | D:4      | Reached XP level 5. HP: 41/41 MP: 5/5
  2362 | D:4      | Reached skill level 5 in Long Blades
  2524 | D:4      | Gained mutation: Your touch may inflict irresistible damage
                  | on your foes. [demonic ancestry]
  2524 | D:4      | Reached XP level 6. HP: 41/48 MP: 6/6
  2847 | D:4      | Found Toag's Tempting Trifles.
  2855 | D:4      | Bought a +0 triple sword for 140 gold pieces
  3059 | D:4      | Found Haruf's Book Emporium.
  3096 | D:5      | Entered Level 5 of the Dungeon
  3179 | D:5      | Reached skill level 6 in Long Blades
  3192 | D:5      | Gained mutation: Your touch may irresistibly damage your
                  | foes and sap their willpower. [demonic ancestry]
  3192 | D:5      | Reached XP level 7. HP: 10/55 MP: 7/7
  3256 | D:5      | Noticed Ijyb
  3571 | D:5      | Found a staircase to the Ecumenical Temple.
  3582 | Temple   | Entered the Ecumenical Temple
  3597 | Temple   | Became a worshipper of Uskayaw the Reveller
  3642 | D:5      | Reached * piety under Uskayaw
  3718 | D:5      | Reached skill level 5 in Fighting
  3718 | D:5      | Reached skill level 1 in Invocations
  3875 | D:5      | Found an opulent altar of Gozag.
  3949 | D:5      | Reached ** piety under Uskayaw
  3979 | D:5      | Noticed Menkaure
  3983 | D:5      | Killed Menkaure
  3984 | D:5      | Reached skill level 7 in Long Blades
  4088 | D:5      | Noticed Eustachio
  4098 | D:5      | Reached *** piety under Uskayaw
  4099 | D:5      | Reached XP level 8. HP: 54/63 MP: 8/10
  4106 | D:5      | Reached **** piety under Uskayaw
  4110 | D:5      | Killed Eustachio
  4305 | D:5      | Found a runed translucent gate.
  4305 | D:5      | Found a runed translucent gate.
  4305 | D:5      | Found a runed translucent gate.
  4305 | D:5      | Noticed shayl's ghost (novice MiFi)
  4306 | D:5      | Noticed smashvw's ghost (novice OpSh)
  4556 | D:5      | Killed Ijyb
  4664 | D:6      | Reached skill level 8 in Long Blades
  4678 | D:6      | Slain by a wight

Illustrated notes

Levels and vault maps discovered:
D:1:      doesnt_arrival_eight_statues, layout_loops_cross, serial_shops, shop
D:2:      layout_basic, shapermc_ecumenical_altar_starsandcircs,
          kennysheep_generic_room_10
D:3:      layout_basic, mainiacjoe_overflow_catwalk_spiral, serial_glass,
          glass_columns_b, glass_columns_a
D:4:      layout_loops_ring, lemuel_crystal_altar, serial_shops,
          nicolae_shop_statue_plus, nicolae_alphabet_shops, bh_walls_and_bars
D:5:      layout_cave_pools, grunt_temple_overflow_gold_and_silver,
          minmay_temple_entry_drinking_statues, gammafunk_ghost_cemetery,
          serial_bayou_ford_a, grunt_decor_arrowhead, st_stairs_14, uniq_ijyb,
          uniq_menkaure, uniq_eustachio
D:6:      layout_basic, led_sif_pool, serial_shops, nicolae_shop_hallway_stairs
Temple:   zaba_magenta_temple

Skill      XL: |  1  2  3  4  5  6  7  8 |
---------------+-------------------------+-----
Long Blades    | 3 4 5 6 7 8 |  8.1
Fighting       | 3 4 5 6 |  6.2
Invocations    | 3 4 |  4.7
Throwing       | |  1.7
Dodging        | |  2.6

Action                     |  1- 3 |  4- 6 |  7- 9 || total
---------------------------+-------+-------+-------++-------
  Melee: Long sword        |    85 |    78 |       ||   163
         Touch             |     4 |    15 |       ||    19
         Triple sword      |       |    23 |    78 ||   101
  Evoke: Wand              |       |       |     4 ||     4
    Use: Scroll            |     6 |     3 |       ||     9
         Potion            |       |     1 |       ||     1
   Stab: Sleeping          |     1 |       |       ||     1
         Distracted        |       |     1 |       ||     1
         Paralysed         |       |       |     4 ||     4
 Armour: Leather armour    |    39 |       |       ||    39
         Ring mail         |    28 |    85 |    73 ||   186
         Chain mail        |       |       |    26 ||    26
  Dodge: Dodged            |    56 |    82 |    76 ||   214

Table legend: (Time is in decaauts)
 A = Elapsed time spent in this place.
 B = Non-inter-level travel time spent in this place.
 C = Inter-level travel time spent in this place.
 D = Time resting spent in this place.
 E = Time spent auto-exploring this place.
 F = Levels seen in this place.
 G = Mean time per level.
                   A        B        C        D        E       F      G
               +--------+--------+--------+--------+--------+-----+--------+
         Total |   4760 |   4600 |    160 |    513 |   3314 |   7 |  680.0 |
       Dungeon |   4730 |   4585 |    145 |    513 |   3314 |   6 |  788.3 |
        Temple |     30 |     15 |     15 |      0 |      0 |   1 |   30.0 |
               +--------+--------+--------+--------+--------+-----+--------+

Top non-repeatable levels by time:
     D:5: 1503 daAuts
     D:4: 894 daAuts
     D:2: 801 daAuts
     D:3: 770 daAuts
     D:1: 659 daAuts
     D:6: 101 daAuts
  Temple: 30 daAuts
